 Dungeon Crawl Stone Soup version 0.17-a0-1920-gafa4d75 (webtiles) character file.

288 4thArraOfDagon the Chopper (level 6, -13/56 HPs)
             Began as a Hill Orc Berserker on Sept 27, 2015.
             Was a Believer of Trog.
             Mangled by an ogre
             ... wielding a +0 giant spiked club
              (17 damage)
             ... on level 6 of the Dungeon.
             The game lasted 00:02:43 (559 turns).

4thArraOfDagon the Chopper (Hill Orc Berserker)      Turns: 559, Time: 00:02:44

Health: -13/56     AC:  2    Str: 20    XL:     6   Next: 31%
Magic:  6/6        EV: 12    Int:  9    God:    Trog [**....]
Gold:   69         SH:  0    Dex: 10    Spells: 0 memorised, 5 levels left

rFire  . . .     SeeInvis .     a - +0 hand axe
rCold  . . .     Clarity  .     b - +0 animal skin
rNeg   . . .     SustAt   .     (no shield)
rPois  .         Gourm    .     (no helmet)
rElec  .         Spirit   .     (no cloak)
rCorr  .         Warding  .     (no gloves)
rMut   .         Stasis   .     (no boots)
MR     .....                    (no amulet)
Stlth  +.........               (no ring)
                                (no ring)

@: exhausted, slowed, very slow, not resistant to hostile enchantments, very
unstealthy
A: no striking features
a: Burn Spellbooks, Berserk, Trog's Hand, Renounce Religion


You were on level 6 of the Dungeon.
You worshipped Trog.
Trog was pleased with you.
You were not hungry.

You visited 1 branch of the dungeon, and saw 7 of its levels.

You collected 69 gold pieces.

Inventory:

Hand weapons
 a - a +0 hand axe (weapon)
Armour
 b - a +0 animal skin (worn)
Comestibles
 c - 2 bread rations
 f - 10 chunks of flesh


   Skills:
 + Level 5.0 Fighting
 * Level 7.1 Axes
 + Level 3.9 Armour
 - Level 1.5 Dodging


You had 5 spell levels left.
You didn't know any spells.

Dungeon Overview and Level Annotations

Branches:
Dungeon (7/15)
 Temple: D:4-7

Altars:


Message History

Things that are here:
a dagger; a robe; an orc skeleton Eat one of 11 chunks of flesh? (ye/n/q/i?) This raw flesh tastes terrible.
You continue eating. x2
The ogre shouts!
Unknown command.
You aren't carrying any potions.
Unknown command.
Read which item? (? for menu, Esc to quit)
As you read the scroll labeled LOESOPS NIZE, it crumbles to dust.
It is a scroll of recharging.
You aren't carrying any rechargeable items.
The ogre barely misses you.
Read which item? (? for menu, Esc to quit)
As you read the scroll labeled JELISMOEGU, it crumbles to dust.
It is a scroll of identify.
You don't have any unidentified items.
The ogre hits you with a giant spiked club!
You die...

... ### ...##
##.. .. #...#
#..# ##.?
#...###..###....
#......##......
#...>#........
##)†.#........
#...O@........
#.............
#..##..........
#..# #..........
#..# #..........
#..# ...........
..# #..........>
.# #...........
............


You could see an ogre.

Vanquished Creatures
  2 giant frogs (D:6)
  A hound (D:7)
  2 orc wizards
  Ijyb (D:2)
  A hound skeleton (D:6)
  A shadow imp (D:4)
  5 orcs
  2 goblins
  5 hobgoblins
  A bat (D:1)
  3 giant cockroaches (D:3)
  A giant newt (D:3)
  3 kobolds (D:1)
  2 rats (D:1)
30 creatures vanquished.

Notes
Turn   | Place    | Note
--------------------------------------------------------------
     0 | D:1      | 4thArraOfDagon the Hill Orc Berserker began the quest for the Orb.
     0 | D:1      | Reached XP level 1. HP: 19/19 MP: 1/1
    64 | D:1      | Reached XP level 2. HP: 8/27 MP: 2/2
   119 | D:2      | Noticed Ijyb
   138 | D:2      | Killed Ijyb
   138 | D:2      | Reached skill level 5 in Axes
   138 | D:2      | Reached XP level 3. HP: 4/33 MP: 3/3
   359 | D:5      | Entered Level 5 of the Dungeon
   373 | D:6      | Noticed a giant frog
   382 | D:6      | Killed a giant frog
   382 | D:6      | Acquired Trog's second power
   382 | D:6      | Reached skill level 6 in Axes
   382 | D:6      | Reached XP level 4. HP: 20/41 MP: 4/4
   383 | D:6      | Reached XP level 5. HP: 22/47 MP: 5/5
   540 | D:6      | Reached skill level 5 in Fighting
   540 | D:6      | Reached XP level 6. HP: 7/56 MP: 6/6
   541 | D:6      | Reached skill level 7 in Axes
   541 | D:6      | HP: 1/84 [orc wizard/magic dart (7)]
   559 | D:6      | Mangled by an ogre

Vault maps used:
D:1:      dpeg_arrival_tiny_d
D:2:      serial_forest, infiniplex_forest_clump_medium,
          infiniplex_forest_diagonal, infiniplex_forest_lined_3,
          infiniplex_forest_straight_3, infiniplex_forest_clump_long,
          infiniplex_forest_clump_long, infiniplex_forest_lined_room_3,
          infiniplex_forest_lined_2, lemuel_statue_altar, uniq_iyjb
D:3:      uniq_terence
D:4:      grunt_temple_overflow_holy_war, portal_sewer_entry_d, first_bread
D:5:      minitemple
D:6:      gammafunk_temple_overflow_statue, nemelex_xobeh_ov_fountains_minmay,
          basic_altar
D:7:      temple_hall_moat

Action                   |  1- 3 |  4- 6 || total
-------------------------+-------+-------++-------
Melee: Hand axe          |    56 |    25 ||    81
Invok: Berserk           |     4 |     2 ||     6
       Trog's Hand       |       |     1 ||     1
  Use: Scroll            |       |     2 ||     2
  Eat: Chunk             |     1 |     4 ||     5
